 Dungeon Crawl Stone Soup version 0.29.0-5-ge4962eb29e (webtiles) character file.

Game seed: 9889806884991957383

919 avis the Caller (level 7, -1/28 HPs)
             Began as a Felid Summoner on Aug 28, 2022.
             Was an Initiate of Gozag.
             Shot with an arrow by a centaur (6 damage)
             ... on level 6 of the Dungeon.
             The game lasted 01:02:42 (7979 turns).

avis the Caller (Felid Summoner)                    Turns: 7979, Time: 01:02:43

Health: -1/28      AC:  2    Str:  4    XL:     7   Next: 83%
Magic:  4/17       EV: 18    Int: 18    God:    Gozag
Gold:   300        SH:  0    Dex: 17    Spells: 1/19 levels left
                                        Lives:  0   Deaths: 2

rFire   . . .      SeeInvis +   (weapon unavailable)
rCold   . . .      Faith    .   (shield unavailable)
rNeg    . . .      Spirit   .   (body armour unavailable)
rPois   .          Reflect  .   (helmet unavailable)
rElec   .          Harm     .   (cloak unavailable)
rCorr   .          Rampage  .   (gloves unavailable)
Will    +....                   (boots unavailable)
Stlth   ++........              (no amulet)
HPRegen 0.09/turn               (no ring)
MPRegen 0.15/turn               (no ring)

@: gold aura, quick
A: very small, claws 1, fangs 3, see invisible, speed 1, shaggy fur 2, stealthy
paws, no weapons or thrown items, no armour, multi-lived
a: Renounce Religion, Potion Petition, Call Merchant, Bribe Branch


You were on level 6 of the Dungeon.
You worshipped Gozag.
Gozag was aware of your devotion.
You visited 2 branches of the dungeon, and saw 7 of its levels.
You also visited: Sewer.

You collected 395 gold pieces.
You paid 95 gold pieces to Gozag.

Inventory:

Jewellery
 t - an amulet of reflection
 u - a +4 ring of evasion
Wands
 j - a wand of flame (23)
Scrolls
 b - a scroll of brand weapon {unknown}
 c - a scroll of blinking
 d - 2 scrolls of immolation
 f - 2 scrolls of poison {unknown}
 g - a scroll of teleportation
 i - 2 scrolls of magic mapping {unknown}
 l - a scroll of enchant weapon {unknown}
 p - 2 scrolls of butterflies {unknown}
 r - a scroll of fear {unknown}
 s - a scroll of summoning {unknown}
 v - a scroll of enchant armour {unknown}
Potions
 a - a potion of magic
 e - a potion of berserk rage
 h - 4 potions of curing
 k - 2 potions of heal wounds
 m - a potion of lignification
 n - a potion of flight
 o - a potion of haste
 q - 4 potions of might


   Skills:
 + Level 1.2 Fighting
 + Level 3.3 Dodging
 - Level 2.6 Stealth
 * Level 6.6 Spellcasting
 - Level 5.0 Hexes
 * Level 7.1 Summonings
 * Level 0.2 Translocations
 * Level 4.3 Air Magic


You had one spell level left.
You knew the following spells:

 Your Spells              Type           Power      Damage    Failure   Level
a - Summon Small Mammal   Summ           100%       N/A       1%          1
c - Call Imp              Summ           31%        N/A       1%          2
d - Call Canine Familiar  Summ           31%        N/A       1%          3
g - Summon Guardian Gole  Hex/Summ       27%        N/A       2%          3
l - Summon Lightning Spi  Summ/Air       26%        N/A       11%         4
F - Summon Forest         Summ/Tloc      9%         N/A       56%         5

Your spell library contained the following spells:

 Spells                   Type           Power      Damage    Failure   Level
 Foxfire                  Conj/Fire      20%        2x1d5     12%         1
 Magic Dart               Conj           20%        1d4       12%         1
 Swiftness                Air            21%        N/A       5%          3
 Ensorcelled Hibernation  Hex/Ice        28%        N/A       6%          2
 Inner Flame              Hex/Fire       14%        N/A       12%         3
 Cause Fear               Hex            11%        N/A       14%         4
 Passwall                 Tmut/Erth      4%         N/A       17%         2
 Searing Ray              Conj           10%        2d4       17%         2
 Conjure Flame            Conj/Fire      5%         6-21      34%         3
 Fulminant Prism          Conj/Hex       7%         3d7       38%         4
 Flame Wave               Conj/Fire      5%         2d5       75%         4
 Petrify                  Tmut/Erth      5%         N/A       75%         4
 Metabolic Englaciation   Hex/Ice        7%         N/A       75%         5
 Statue Form              Tmut/Erth      3%         N/A       100%        6
 Discord                  Hex            11%        N/A       100%        8


Dungeon Overview and Level Annotations

Branches:
Dungeon (6/15)             Temple (1/1) D:5           Sewer (visited)

Altars:
Ashenzari
Cheibriados
Dithmenos
Elyvilon
Gozag
Kikubaaqudgha
Makhleb
Nemelex Xobeh
Qazlal
Sif Muna
Trog
Uskayaw
Vehumet
Wu Jian
Xom
Yredelemnul
Zin
The Shining One

Shops:
D:1 [   D:2 [


Innate Abilities, Weirdness & Mutations

You have sharp claws.
You have razor-sharp teeth.
You have supernaturally acute eyesight. (SInv)
You cover ground quickly. (Speed+)
You are covered in thick fur. (AC +2)
Your paws help you pounce on unaware monsters.
You are incapable of wielding weapons or throwing items.
You cannot wear armour.
You gain extra lives every three experience levels.


Message History

Your crimson imp hits the centaur but does no damage.
The centaur shoots an arrow.
The arrow misses you.
Your hound closely misses the centaur.
Casting: Summon Lightning Spire (extremely dangerous; 11% risk of failure)
Confirm with . or Enter, or press ? or * to list all spells.
A guardian golem appears, shielding your allies.
The centaur shoots an arrow.
The arrow barely misses your crimson imp.
The arrow hits your hound!
The centaur unwields a +0 shortbow.
The centaur barely misses your hound. The centaur misses your hound.
Your hound bites the centaur.
Your crimson imp blinks!
The centaur wields a +0 shortbow.
The centaur shoots an arrow.
The arrow hits your hound!
Your hound dies!
Your hound's corpse disappears in a puff of smoke!
Your crimson imp blinks!
The centaur shoots an arrow.
The arrow barely misses you.
The centaur shoots an arrow.
The arrow hits you! The jelly barely misses you.
Your lightning spire shoots out a bolt of lightning at the jelly!
The bolt of electricity hits the jelly!
The centaur shoots an arrow.
The arrow misses you. The arrow hits your lightning spire.
Your crimson imp barely misses the centaur.
The centaur shoots an arrow.
The arrow closely misses you.
The jelly hits your lightning spire but does no damage.
The centaur shoots an arrow.
The arrow completely misses your guardian golem.
The arrow hits you!
* * * LOW HITPOINT WARNING * * *
The centaur shoots an arrow.
The arrow misses you.
Casting: Summon Guardian Golem (dangerous; 2% risk of failure)
Confirm with . or Enter, or press ? or * to list all spells.
The centaur shoots an arrow.
The arrow misses you.
The jelly hits your lightning spire but does no damage.
Your lightning spire shoots out a bolt of lightning at the jelly!
The bolt of electricity hits the jelly!
The jelly dies!
The centaur shoots an arrow.
The arrow hits you.
You die...
Your body crumbles into a pile of gold.

....... .......
#......## #.......##
#.......# #.......####
#....$.$8..# P####
#..........# #~P~.#
#...).5c.@..#####~~~~~
#......9..h#.#...~~P♣
#......c...##..#P~~♣
#..........##..#P~♣♣
#..........###..P~P♣♣♣♣
#..........# ##.PP~P~~P
..........# ##...~P~P~
........####......PPP
##..#####~PP


You could see 2 centaurs, a friendly guardian golem (summoned), a friendly
lightning spire (summoned, sheltered), a friendly hound (summoned, sheltered)
and a friendly crimson imp (summoned, sheltered).

Vanquished Creatures
  A hound (D:5)
  A gnoll (D:5)
  An adder (Sewer)
  2 orcs (D:5)
  A giant cockroach (D:1)
  2 goblins
  A hobgoblin (D:1)
  A kobold (D:1)
  3 quokkas
  3 ball pythons
  5 frilled lizards
  6 rats
27 creatures vanquished.

Vanquished Creatures (collateral kills)
  Sigmund (D:2)
  A black bear (D:4)
  An ogre (D:5)
  A centaur (D:5)
  A kobold brigand (D:4)
  A bullfrog (Sewer)
  A scorpion (D:5)
  3 hounds
  3 jellies
  Jessica (D:2)
  Natasha (thrice) (D:2)
  2 iguanas
  Robin (D:2)
  3 gnolls (D:5)
  9 adders
  7 river rats
  A shadow imp (D:5)
  A white imp (D:6)
  2 worms
  2 dart slugs
  9 orcs
  6 bats
  10 endoplasms
  A giant cockroach (D:4)
  15 goblins
  10 hobgoblins
  4 jackals (D:3)
  9 kobolds
  6 quokkas
  10 ball pythons
  4 frilled lizards
  23 rats
152 creatures vanquished.

Vanquished Creatures (others)
  A water moccasin (D:5)
  An ice beast (D:5)
  An ogre (D:5)
  A bullfrog (Sewer)
  A gnoll bouda (D:5)
  An orc wizard (D:5)
  An adder (Sewer)
  A gnoll (D:5)
  2 orcs (D:5)
  A ball python (Sewer)
11 creatures vanquished.

Grand Total: 190 creatures vanquished

Notes
Turn   | Place    | Note
-------+----------+-------------------------------------------
     0 | D:1      | avis the Felid Summoner began the quest for the Orb.
     0 | D:1      | Reached XP level 1. HP: 7/7 MP: 4/4
    65 | D:1      | Found a faded altar of an unknown god.
   148 | D:1      | Got the Grimoire of Fetching Beckoning
   176 | D:1      | Reached XP level 2. HP: 9/11 MP: 6/6
   179 | D:1      | Learned a level 2 spell: Call Imp
   443 | D:1      | Found Xuc Oga's Antique Armour Boutique.
   826 | D:2      | Noticed Sigmund
   959 | D:2      | Reached XP level 3. HP: 9/14 MP: 6/8
  1081 | D:2      | Learned a level 3 spell: Call Canine Familiar
  1104 | D:2      | Killed Sigmund
  1105 | D:2      | Reached skill level 5 in Summonings
  1105 | D:2      | Reached XP level 4. HP: 18/18 MP: 1/11
  1105 | D:2      | Reached XP level 5. HP: 21/21 MP: 1/12
  1231 | D:2      | Noticed Natasha
  1244 | D:2      | Killed Natasha
  1308 | D:2      | Found Bisos's Antique Armour Shop.
  1380 | D:2      | Noticed Jessica
  1389 | D:2      | Killed Jessica
  1390 | D:2      | Reached skill level 5 in Spellcasting
  1390 | D:2      | Gained mutation: You are covered in thick fur. (AC +2)
                  | [Felid growth]
  1390 | D:2      | Reached XP level 6. HP: 24/24 MP: 9/14
  1397 | D:2      | Learned a level 3 spell: Summon Guardian Golem
  1402 | D:2      | Learned a level 4 spell: Summon Lightning Spire
  1454 | D:2      | Noticed Robin
  1655 | D:2      | Killed Robin
  1656 | D:2      | Reached skill level 1 in Hexes
  1709 | D:2      | Noticed Natasha
  1720 | D:2      | Killed Natasha
  2310 | D:2      | Noticed Natasha
  2318 | D:2      | Killed Natasha
  2589 | D:3      | Found a white marble altar of Elyvilon.
  3746 | D:4      | Reached XP level 7. HP: 27/27 MP: 11/16
  4546 | D:5      | Entered Level 5 of the Dungeon
  4643 | D:5      | Reached skill level 5 in Hexes
  4643 | D:5      | Reached skill level 6 in Summonings
  4643 | D:5      | Reached skill level 1 in Air Magic
  4681 | D:5      | Mangled by an ogre
  4682 | D:5      | Reached XP level 6. HP: -7/24 MP: 4/15
  4745 | D:5      | Noticed an ice beast
  4760 | D:5      | Killed an ice beast
  4761 | D:5      | Reached XP level 7. HP: 15/27 MP: 12/16
  5065 | D:5      | Found a glowing drain.
  5076 | Sewer    | Entered a sewer
  6190 | Sewer    | Killed by an exploding themself... ignited by their inner
                  | flame
  6191 | Sewer    | Reached XP level 6. HP: -6/24 MP: 11/16
  6191 | Sewer    | Reached XP level 7. HP: 27/27 MP: 17/17
  6304 | Sewer    | Learned a level 5 spell: Summon Forest
  6691 | D:5      | Found a staircase to the Ecumenical Temple.
  6700 | Temple   | Entered the Ecumenical Temple
  6700 | Temple   | Found a transporter.
  6700 | Temple   | Found a transporter.
  6702 | Temple   | Found a transporter.
  6702 | Temple   | Found a transporter.
  6730 | Temple   | Became a worshipper of Gozag Ym Sagoz the Greedy
  7076 | D:5      | Reached skill level 7 in Summonings
  7091 | D:5      | Reached skill level 1 in Fighting
  7979 | D:6      | Shot with an arrow by a centaur

Illustrated notes

Levels and vault maps discovered:
D:1:      dpeg_arrival_lava_temple_mockup, layout_rooms, basic_ecumenical_altar,
          serial_shops, shop_coins, nrook_mini_backslash
D:2:      layout_basic, serial_shops, nicolae_shop_statue_plus,
          palyth_stone_intersect, uniq_sigmund, uniq_natasha, uniq_jessica,
          uniq_robin
D:3:      layout_basic, mainiacjoe_overflow_24_doors, st_stairs_14,
          nicolae_underground_beach
D:4:      layout_basic, kennysheep_nondescript, ebering_dispersal_statue_hall
D:5:      layout_cave_pods, minmay_temple_entry_drinking_statues,
          gup_sewer_entry_bubbles
D:6:      layout_cave_pods, dk_vineyard_3, kennysheep_another_room,
          serial_bayou_pond_c, uniq_crazy_yiuf_cottage, uniq_prince_ribbit1
Temple:   hellmonk_temple_divided_pantheon

Skill      XL: |  1  2  3  4  5  6  7 |
---------------+----------------------+-----
Spellcasting   | 3 4 5 6 |  6.6
Summonings     | 5 7 |  7.1
Hexes          | 4 5 |  5.0
Air Magic      | 2 4 |  4.3
Dodging        | 3 |  3.3
Fighting       | 1 |  1.2
Stealth        | |  2.6
Translocations | |  0.2

Action                   |  1- 3 |  4- 6 |  7- 9 || total
-------------------------+-------+-------+-------++-------
Melee: Unarmed           |    51 |    28 |    82 ||   161
       Bite              |     5 |     4 |    10 ||    19
       Punch             |       |       |     1 ||     1
 Cast: Summon Small Mamm |     6 |     6 |     1 ||    13
       Call Imp          |    10 |    28 |    22 ||    60
       Call Canine Famil |     2 |    21 |    31 ||    54
       Summon Guardian G |       |     1 |    19 ||    20
       Summon Lightning  |       |       |     2 ||     2
Evoke: Wand              |       |       |     2 ||     2
  Use: Scroll            |       |       |    11 ||    11
       Potion            |       |       |     1 ||     1
 Stab: Sleeping          |     3 |     1 |     3 ||     7
       Distracted        |       |     1 |       ||     1
Armor: Skin              |     8 |     4 |    10 ||    22
Dodge: Dodged            |    59 |    42 |   108 ||   209
